 Dungeon Crawl Stone Soup version 0.17.0-24-gcfadda4 (console) character file.

38 jw the Ducker (level 3, -1/26 HPs)
             Began as an Octopode Berserker on Nov 16, 2015.
             Was a Believer of Trog.
             Slain by Sigmund
             ... wielding a +0 scythe
              (6 damage)
             ... on level 2 of the Dungeon.
             The game lasted 00:03:09 (1153 turns).

jw the Ducker (Octopode Berserker)                  Turns: 1153, Time: 00:03:09

Health: -1/26      AC:  1    Str: 16    XL:     3   Next: 43%
Magic:  3/3        EV: 13    Int:  9    God:    Trog [**....]
Gold:   45         SH:  0    Dex: 12    Spells: 0 memorised, 2 levels left

rFire  . . .     SeeInvis .     a - +0 short sword
rCold  . . .     Clarity  .     (no shield)
rNeg   . . .     SustAt   .     (helmet restricted)
rPois  .         Gourm    .     (no amulet)
rElec  .         Spirit   .     (no ring)
rCorr  .         Warding  .     (no ring)
rMut   .         Stasis   .     (no ring)
MR     ++...                    (no ring)
Stlth  +++.......               (no ring)
                                (no ring)
                                (no ring)
                                (no ring)

@: regenerating, very resistant to hostile enchantments, fairly stealthy
A: almost no armour, amphibious, 8 rings, constrict 8, camouflage 1, gelatinous
body 1
a: Berserk, Trog's Hand, Burn Spellbooks, Renounce Religion


You were on level 2 of the Dungeon.
You worshipped Trog.
Trog was pleased with you.
You were near starving.

You visited 1 branch of the dungeon, and saw 2 of its levels.

You collected 45 gold pieces.

Inventory:

Hand Weapons
 a - a +0 short sword (weapon)
Missiles
 c - 67 stones (quivered)
 d - 13 poisoned needles
Scrolls
 e - a scroll of amnesia {unknown}
Comestibles
 b - a bread ration
 f - a meat ration


   Skills:
 + Level 3.2 Fighting
 * Level 3.2 Short Blades
 + Level 1.2 Throwing
 + Level 3.3 Dodging
 * Level 2.0 Stealth


You had 2 spell levels left.
You didn't know any spells.

Dungeon Overview and Level Annotations

Branches:
Dungeon (2/15)

Altars:

Annotations:
D:2 Robin, Sigmund


Innate Abilities, Weirdness & Mutations

You cannot wear most types of armour.
You are amphibious.
You can wear up to eight rings at the same time.
You can use your tentacles to constrict eight enemies at once.
Your skin changes colour to match your surroundings (Stealth).
Your rubbery body absorbs attacks (AC +1).


Message History

ATTACK MOVE TO (1,1)
The goblin barely misses you. Something hits you!
You see here a goblin corpse.
ATTACK MOVE TO (0,1)
You barely miss the goblin.
You feel less confused. The goblin hits you but does no damage.
You butcher the goblin corpse.
Something hits you. The goblin closely misses you.
Robin throws the goblin at you!
Things that are here:
3 chunks of flesh; a goblin skeleton {inedible} There isn't anything to butcher here.
Your skin crawls.
You feel resistant to hostile enchantments.
You feel slightly more hungry. The goblin hits you but does no damage.
The goblin closely misses you.
Robin roars a battlecry!
The goblins go into a battle-frenzy!
Something hits you.
You die...

.. .. . . ..
#.#. #. ..(.#.
#..#. ... #.###
# .. #.gx# .##
....###g##g..#
.........ggg.#
....###.#gg...g.
.. #.##...g..
#.# #.##.# ##.##
## # ####.[.###
..........#


You could see 3 goblins.

Table legend:
 A = Turns spent in this place as a percentage of turns spent in the entire game.
 B = Non-inter-level travel turns spent in this place as a percentage of non-inter-level travel turns spent in the entire game.
 C = Inter-level travel turns spent in this place as a percentage of turns spent in this place.
 D = Turns resting spent in this place as a percentage of non-inter-level travel turns spent in this place.
 E = Turns spent auto-exploring this place as a percentage of non-inter-level travel turns spent in this place.
 F = Non-inter-level travel turns spent in this place divided by the number of levels of this place that you've seen.
                   A       B       C       D       E      F
               +-------+-------+-------+-------+-------+----------------------
         Total | 100.0 | 100.0 |   0.1 |   1.3 |   2.8 | 772.0
       Dungeon | 100.0 | 100.0 |   0.1 |   1.3 |   2.8 | 772.0
               +-------+-------+-------+-------+-------+----------------------

Table legend:
 A = Kills in this place as a percentage of kills in entire the game.
 B = Kills by you in this place as a percentage of kills by you in the entire game.
 C = Kills by friends in this place as a percentage of kills by friends in the entire game.
 D = Other kills in this place as a percentage of other kills in the entire game.
 E = Experience gained in this place as a percentage of experience gained in the entire game.
 F = Experience gained in this place divided by the number of levels of this place that you have seen.
                   A       B       C       D       E      F
               +-------+-------+-------+-------+-------+----------------------
         Total | 100.0 | 100.0 |  -nan |  -nan | 100.0 |  27.5
       Dungeon | 100.0 | 100.0 |  -nan |  -nan | 100.0 |  27.5
               +-------+-------+-------+-------+-------+----------------------

Vanquished Creatures
  An adder (D:2)
  A giant gecko (D:1)
  A giant cockroach (D:1)
  6 goblins
  6 hobgoblins (D:1)
  A quokka (D:2)
  A ball python (D:1)
  6 bats
  A giant newt (D:1)
  2 kobolds
  A rat (D:1)
27 creatures vanquished.

Notes
Turn   | Place    | Note
--------------------------------------------------------------
     0 | D:1      | jw the Octopode Berserker began the quest for the Orb.
     0 | D:1      | Reached XP level 1. HP: 16/16 MP: 1/1
   172 | D:1      | Reached XP level 2. HP: 21/21 MP: 2/2
   325 | D:1      | Reached skill level 1 in Stealth
   485 | D:1      | Reached skill level 1 in Throwing
   752 | D:2      | Reached ** piety under Trog
   752 | D:2      | Reached XP level 3. HP: 26/26 MP: 3/3
  1139 | D:2      | Noticed Sigmund
  1142 | D:2      | Noticed Robin
  1153 | D:2      | Slain by Sigmund

Action                   || total
-------------------------++-------
Melee: Short sword       ||    56
Throw: Stone             ||    35
Invok: Berserk           ||     1
       Trog's Hand       ||     1
  Use: Scroll            ||     2
 Stab: Sleeping          ||     1

Vault maps used:
D:1:      minmay_arrival_wavy_path
D:2:      uniq_sigmund, uniq_robin, uniq_natasha, uniq_jessica
